 Dungeon Crawl Stone Soup version 0.29-a0-298-g3c90f9a769 (webtiles) character file.

Game seed: 7731121882184426461

25698 kae the Arsonist (level 13, -7/78 HPs)
             Began as a Tengu Fire Elementalist on Mar 22, 2022.
             Was a High Priest of Vehumet.
             Mangled by a two-headed ogre
             ... wielding a +0 giant club
              (12 damage)
             ... on level 2 of the Orcish Mines.
             The game lasted 00:11:08 (15487 turns).

kae the Arsonist (Tengu Fire Elementalist)         Turns: 15487, Time: 00:11:09

Health: -7/78      AC: 10    Str:  8    XL:     13   Next: 21%
Magic:  0/25       EV: 22    Int: 22    God:    Vehumet [*****.]
Gold:   1440       SH:  0    Dex: 11    Spells: 9/26 levels left

rFire   + + .      SeeInvis .   e - +12 trident of the Original Sin {spect, rF++ Will+ Dex-3}
rCold   . . .      Faith    .   (no shield)
rNeg    . . .      Spirit   +   v - +0 steam dragon scales
rPois   .          Reflect  .   (helmet restricted)
rElec   .          Harm     .   (no cloak)
rCorr   .          Rampage  .   (no gloves)
Will    +....                   (boots unavailable)
Stlth   ++........              p - amulet of guardian spirit
HPRegen 0.23/turn               m - +4 ring of protection
MPRegen 0.19/turn               q - +4 ring of evasion

@: flying quickly and evasively, quick
A: beak, talons 3, nimble flight
a: Renounce Religion


You were on level 2 of the Orcish Mines.
You worshipped Vehumet.
Vehumet was extremely pleased with you.
You visited 3 branches of the dungeon, and saw 13 of its levels.
You also visited: Bailey.

You collected 1440 gold pieces.

Inventory:

Hand Weapons
 c - a +2 vampiric dagger
 e - the +12 trident of the Original Sin (weapon) {spect, rF++ Will+ Dex-3}
   (You found it on level 5 of the Dungeon)

   When its wielder attacks, the weapon's spirit leaps out and strikes again.
   The spirit shares a part of any damage it takes with its wielder.
   Dex:       It affects your dexterity (-3).
   rF:        It greatly protects you from fire.
   Will:      It increases your willpower.
Missiles
 G - 2 throwing nets
Armour
 a - a +1 robe
 v - +0 steam dragon scales (worn)
Jewellery
 m - a +4 ring of protection (left hand)
 p - an amulet of guardian spirit (around neck)
 q - a +4 ring of evasion (right hand)
 y - a ring of protection from cold
 z - a +4 ring of evasion
Wands
 w - a wand of iceblast (17)
 x - a wand of acid (5)
Scrolls
 g - 3 scrolls of enchant armour
 i - 2 scrolls of fear
 k - 5 scrolls of fog
 l - 4 scrolls of immolation
 s - 3 scrolls of silence
 u - 5 scrolls of teleportation
 A - 2 scrolls of amnesia
 D - a scroll of brand weapon
 H - 2 scrolls of enchant weapon
Potions
 b - a potion of magic
 d - 4 potions of attraction
 f - a potion of mutation
 h - a potion of cancellation
 j - a potion of berserk rage
 n - a potion of heal wounds
 o - 2 potions of degeneration
 r - a potion of flight
 t - a potion of resistance
 B - a potion of haste
 C - 2 potions of brilliance
 E - 2 potions of curing
 I - a potion of invisibility


   Skills:
 + Level 7.9 Fighting
 + Level 7.8 Polearms
 + Level 8.5 Armour
 + Level 9.0 Dodging
 - Level 2.0 Stealth
 + Level 7.4 Spellcasting
 + Level 10.5 Conjurations
 * Level 12.8 Fire Magic


You had 9 spell levels left.
You knew the following spells:

 Your Spells              Type           Power      Damage    Failure   Level
a - Foxfire               Conj/Fire      100%       2x1d9     1%          1
b - Scorch                Fire           100%       2d10      1%          2
c - Conjure Flame         Conj/Fire      56%        6-21      1%          3
d - Inner Flame           Hex/Fire       36%        N/A       1%          3
e - Flame Wave            Conj/Fire      56%        2d11      1%          4
f - Sticky Flame          Conj/Fire      56%        2d7       1%          4

Your spell library contained the following spells:

 Spells                   Type           Power      Damage    Failure   Level
 Poisonous Vapours        Pois/Air       16%        N/A       3%          2
 Frozen Ramparts          Ice            16%        1d3       7%          3
 Summon Small Mammal      Summ           32%        N/A       8%          1
 Corpse Rot               Necr/Air       16%        N/A       12%         2
 Orb of Destruction       Conj           26%        9d9       22%         7
 Call Canine Familiar     Summ           8%         N/A       24%         3
 Confusing Touch          Hex            8%         N/A       24%         3
 Summon Guardian Golem    Hex/Summ       8%         N/A       24%         3
 Yara's Violent Unravell  Hex/Tmut       4%         3d4       45%         5
 Ice Form                 Ice/Tmut       8%         N/A       61%         4
 Petrify                  Tmut/Erth      8%         N/A       61%         4
 Summon Ice Beast         Ice/Summ       8%         N/A       61%         4
 Spellforged Servitor     Conj/Summ      15%        N/A       86%         7
 Metabolic Englaciation   Hex/Ice        4%         N/A       91%         5
 Summon Forest            Summ/Tloc      4%         N/A       91%         5
 Eringya's Noxious Bog    Tmut/Pois      4%         N/A       94%         6
 Statue Form              Tmut/Erth      5%         N/A       100%        6
 Enfeeble                 Hex            4%         N/A       100%        7
 Summon Hydra             Summ           4%         N/A       100%        7


Dungeon Overview and Level Annotations

Branches:
Dungeon (10/15)            Temple (1/1) D:4            Lair (0/6) D:9
    Orc (2/2) D:10            Elf (0/3) Orc:2        Bailey (visited)

Altars:
Ashenzari
Cheibriados
Dithmenos
Elyvilon
Fedhas
Gozag
Hepliaklqana
Kikubaaqudgha
Makhleb
Nemelex Xobeh
Okawaru
Qazlal
Ru
Sif Muna
Trog
Uskayaw
Vehumet
Wu Jian
Xom
Yredelemnul
Zin
The Shining One
Beogh

Shops:
D:8 (


Innate Abilities, Weirdness & Mutations

You have a beak for a mouth.
You have claws for feet.
Your magical nature lets you fly swiftly and evasively.


Message History

You hear some strange, mumbled words.
Something tries to affect you, but you resist.
You puncture the ogre! You claw the ogre.
The ogre is severely wounded.
Your +12 trident of the Original Sin {spect, rF++ Will+ Dex-3} hits the ogre from afar!
You kill the ogre!
Vehumet accepts your kill. Something hits you!
You hit the orc warlord but do no damage.
You claw the orc warlord, but do no damage.
Your +12 trident of the Original Sin {spect, rF++ Will+ Dex-3} hits the orc warlord from afar!
The orc warlord hits you with a +0 war axe!!
You are too injured to fight recklessly!
You are too injured to fight recklessly!
You see here a +0 giant club.
You hear some strange, mumbled words.
Something tries to affect you, but you resist.
The two-headed ogre misses you.
The two-headed ogre hits you with a +0 giant spiked club!
Things that are here:
a +0 giant club; an ogre corpse You hear some strange, mumbled words.
The two-headed ogre seems to speed up.
The two-headed ogre closely misses you.
The two-headed ogre hits you with a +0 giant spiked club!
The two-headed ogre attacks as you move away!
The two-headed ogre hits you with a +0 giant club!
* * * LOW HITPOINT WARNING * * *
The two-headed ogre hits you with a +0 giant spiked club!
* * * LOW HITPOINT WARNING * * *
Things that are here:
a +0 robe; a +0 dagger The two-headed ogre attacks as you move away!
The two-headed ogre hits you with a +0 giant club.
* * * LOW HITPOINT WARNING * * *
The two-headed ogre completely misses you.
There is a stone staircase leading up, spattered with blood here.
The two-headed ogre barely misses you.
The two-headed ogre hits you with a +0 giant spiked club!
You die...

### #.# #### ###.## ##..###
##....####.....##
#..@O..##.......##
###.))[.)#.....>...###
##.#..#).o............#
##....###.........#.....
##....#####[#...#.#......
##.......##......###....##
#...#...o.#.............#. .
#....###..........)....##.
#.##...###.......#(......##..


You could see an orc warlord and a two-headed ogre (fast).

Vanquished Creatures
  The ghost of Vampof the Martial Artist, a journeyman DsCA of Ignis (Orc:1)
  An ogre mage (Orc:2)
  2 vault guards (Bailey)
  9 two-headed ogres
  A deep troll (Orc:2)
  3 orc sorcerers
  A cyclops (Orc:2)
  A manticore (D:9)
  Maurice (D:8)
  A gargoyle (D:7)
  An unseen horror (D:10)
  Maggie (D:8)
  Psyche (D:10)
  7 trolls
  Prince Ribbit (Bailey)
  A hornet (D:9)
  A shadow (D:10)
  A wraith (D:10)
  A wyvern (D:7)
  4 yaks (D:9)
  10 humans (Bailey)
  3 vampire mosquitoes (D:8)
  A steam dragon (D:6)
  Menkaure (D:7)
  4 wargs (Orc:2)
  4 water moccasins
  An acid dragon (D:10)
  2 sky beasts
  2 black bears (D:6)
  16 orc warriors
  An ice beast (D:6)
  19 ogres
  A centaur (D:8)
  3 phantoms
  2 kobold brigands
  2 necrophages (D:6)
  4 scorpions
  16 bullfrogs
  7 wights
  26 killer bees
  2 howler monkeys
  An electric eel (D:10)
  7 orc priests
  6 hounds
  Ijyb (D:2)
  4 iguanas
  18 orc wizards
  5 gnolls
  7 adders
  A shadow imp (D:8)
  A white imp (D:8)
  4 ufetubi
  2 dart slugs
  68 orcs
  5 ball pythons
  6 endoplasms
  5 giant cockroaches
  16 goblins
  4 hobgoblins
  7 jackals
  18 kobolds
  3 quokkas
  7 bats
  4 frilled lizards (D:1)
  7 rats
374 creatures vanquished.

Vanquished Creatures (collateral kills)
  A foxfire (D:2)
1 creature vanquished.

Vanquished Creatures (others)
  2 orc wizards (D:6)
  2 orcs (Orc:2)
  383 foxfires
  5 plants
392 creatures vanquished.

Grand Total: 767 creatures vanquished

Notes
Turn   | Place    | Note
-------+----------+-------------------------------------------
     0 | D:1      | kae the Tengu Fire Elementalist began the quest for the
                  | Orb.
     0 | D:1      | Reached XP level 1. HP: 10/10 MP: 4/4
   273 | D:1      | Reached XP level 2. HP: 16/16 MP: 3/6
   920 | D:1      | Found a faded altar of an unknown god.
   977 | D:1      | Reached XP level 3. HP: 20/20 MP: 5/7
  1736 | D:2      | Noticed Ijyb
  1838 | D:2      | Noticed a phantom
  1869 | D:2      | Learned a level 2 spell: Scorch
  1873 | D:2      | Learned a level 3 spell: Conjure Flame
  1909 | D:2      | Killed Ijyb
  1910 | D:2      | Reached skill level 1 in Fighting
  1910 | D:2      | Reached skill level 1 in Armour
  1910 | D:2      | Reached skill level 4 in Fire Magic
  1910 | D:2      | Reached XP level 4. HP: 22/25 MP: 1/8
  2602 | D:2      | Found a stormy altar of Qazlal.
  3048 | D:2      | Killed a phantom
  3049 | D:2      | Gained mutation: Your magical nature lets you fly swiftly
                  | and evasively. [Tengu growth]
  3049 | D:2      | Reached XP level 5. HP: 27/29 MP: 0/9
  3353 | D:3      | Noticed a water moccasin
  3363 | D:3      | Killed a water moccasin
  3364 | D:3      | Reached XP level 6. HP: 20/35 MP: 6/11
  3785 | D:3      | Reached skill level 5 in Fire Magic
  3908 | D:3      | Found a basalt altar of Yredelemnul.
  4537 | D:4      | Found a staircase to the Ecumenical Temple.
  4581 | Temple   | Entered the Ecumenical Temple
  4795 | Temple   | Became a worshipper of Vehumet
  5061 | D:4      | Reached XP level 7. HP: 40/40 MP: 9/12
  5753 | D:5      | Entered Level 5 of the Dungeon
  6011 | D:5      | Identified the +12 trident of the Original Sin {spect, rF++
                  | Will+ Dex-3}
  6140 | D:5      | Reached skill level 6 in Fire Magic
  6234 | D:5      | Reached XP level 8. HP: 41/46 MP: 12/14
  6288 | D:5      | Reached * piety under Vehumet
  6288 | D:5      | Offered knowledge of Sandblast by Vehumet.
  6302 | D:5      | Reached skill level 1 in Polearms
  6727 | D:6      | Noticed a troll
  6919 | D:6      | Killed a troll
  7047 | D:6      | Reached skill level 5 in Conjurations
  7049 | D:6      | Noticed a troll
  7050 | D:6      | Reached skill level 7 in Fire Magic
  7195 | D:6      | Reached XP level 9. HP: 52/52 MP: 7/16
  7410 | D:6      | Reached skill level 5 in Dodging
  7972 | D:6      | Killed a troll
  7973 | D:6      | Reached skill level 8 in Fire Magic
  8221 | D:6      | Reached skill level 5 in Armour
  8269 | D:6      | Found a sacrificial altar of Ru.
  8361 | D:7      | Noticed Menkaure
  8370 | D:7      | Killed Menkaure
  8414 | D:7      | Noticed a gargoyle
  8489 | D:7      | Offered knowledge of Poisonous Vapours by Vehumet.
  8490 | D:7      | Reached XP level 10. HP: 58/58 MP: 16/18
  8662 | D:7      | Reached ** piety under Vehumet
  8849 | D:7      | Reached skill level 5 in Spellcasting
  8970 | D:7      | Killed a gargoyle
  8971 | D:7      | Reached skill level 5 in Fighting
  9347 | D:8      | Noticed Maggie
  9400 | D:8      | Reached skill level 9 in Fire Magic
  9735 | D:8      | Found a flagged portal.
  9757 | Bailey   | Entered a bailey
  9788 | Bailey   | Offered knowledge of Static Discharge by Vehumet.
  9852 | Bailey   | Reached skill level 5 in Polearms
  9855 | Bailey   | Reached *** piety under Vehumet
  9858 | Bailey   | Noticed Prince Ribbit
  9874 | Bailey   | Killed Prince Ribbit
  9875 | Bailey   | Reached XP level 11. HP: 17/64 MP: 1/20
  9876 | Bailey   | Reached skill level 10 in Fire Magic
 10264 | Bailey   | Noticed a vault guard
 10270 | Bailey   | Noticed a vault guard
 10476 | Bailey   | Killed a vault guard
 10656 | Bailey   | Killed a vault guard
 10732 | D:8      | Killed Maggie
 10819 | D:8      | Found Yqesk's Antique Weapon Emporium.
 10995 | D:8      | Noticed Maurice
 11005 | D:8      | Killed Maurice
 11223 | D:8      | Found a blossoming altar of Fedhas.
 11253 | D:8      | Found a hazy altar of Hepliaklqana.
 11488 | D:9      | Noticed a manticore
 11499 | D:9      | Killed a manticore
 11574 | D:9      | Found a runed translucent door.
 11576 | D:9      | Noticed a two-headed ogre
 11609 | D:9      | Found a staircase to the Lair.
 11615 | D:9      | Offered knowledge of Airstrike by Vehumet.
 11656 | D:9      | Found an ornate altar of the Wu Jian Council.
 11657 | D:9      | Found a glowing silver altar of Zin.
 11796 | D:9      | Noticed a two-headed ogre
 11803 | D:9      | Killed a two-headed ogre
 12110 | D:9      | Learned a level 3 spell: Inner Flame
 12115 | D:9      | Learned a level 4 spell: Flame Wave
 12123 | D:9      | Killed a two-headed ogre
 12124 | D:9      | Reached skill level 11 in Fire Magic
 12127 | D:9      | Reached **** piety under Vehumet
 12131 | D:9      | Offered knowledge of Fireball by Vehumet.
 12255 | D:10     | Entered Level 10 of the Dungeon
 12439 | D:10     | Noticed a two-headed ogre
 12448 | D:10     | Killed a two-headed ogre
 12449 | D:10     | Reached XP level 12. HP: 71/71 MP: 18/22
 12484 | D:10     | Noticed a two-headed ogre
 12493 | D:10     | Killed a two-headed ogre
 12658 | D:10     | Noticed Psyche
 12667 | D:10     | Killed Psyche
 13353 | D:10     | Found a staircase to the Orcish Mines.
 13383 | Orc:1    | Entered Level 1 of the Orcish Mines
 13410 | Orc:1    | Found a large runed translucent door.
 13410 | Orc:1    | Found a large runed translucent door.
 13465 | Orc:1    | Noticed Vampof's ghost (journeyman DsCA)
 13825 | Orc:1    | Killed Vampof's ghost
 13972 | Orc:2    | Entered Level 2 of the Orcish Mines
 14013 | Orc:2    | Reached ***** piety under Vehumet
 14018 | Orc:2    | Offered knowledge of Sticky Flame by Vehumet.
 14025 | Orc:2    | Learned a level 4 spell: Sticky Flame
 14056 | Orc:2    | Reached skill level 12 in Fire Magic
 14100 | Orc:2    | Found a staircase to the Elven Halls.
 14230 | Orc:2    | Noticed an orc warlord
 14954 | Orc:2    | Reached skill level 10 in Conjurations
 15017 | Orc:2    | Noticed a two-headed ogre
 15024 | Orc:2    | Killed a two-headed ogre
 15039 | Orc:2    | Noticed a two-headed ogre
 15043 | Orc:2    | Killed a two-headed ogre
 15074 | Orc:2    | Reached XP level 13. HP: 32/78 MP: 16/24
 15487 | Orc:2    | Mangled by a two-headed ogre

Illustrated notes

Levels and vault maps discovered:
D:1:      spicycebolla_arrival_xxxplode, layout_loops_ring,
          dreamdust_ecumenical_altar_angels_and_demons, roderic_malta_cross
D:2:      kennysheep_the_goblin_king, layout_basic, basic_altar, serial_forest,
          infiniplex_forest_straight_2, infiniplex_forest_straight_5,
          infiniplex_forest_lined_room_3, infiniplex_forest_lined_3_way,
          infiniplex_forest_clump_cross, infiniplex_forest_clump_long,
          infiniplex_forest_3_way, infiniplex_forest_lined_2,
          infiniplex_forest_end_3, infiniplex_forest_clump_small,
          minmay_pentomino_pile
D:3:      layout_basic, yredelemnul_altar_generic
D:4:      layout_basic, minmay_temple_entry_mini_moons,
          amcnicky_mini_pool_small, chequers_serial_rivers_micro_c
D:5:      layout_basic, kennysheep_generic_room_12
D:6:      layout_rooms, nicolae_ru_path_of_blood, nzn_random_ring
D:7:      layout_cave_pods, uniq_menkaure
D:8:      layout_loops_ring, mainiacjoe_overflow_two_lobes, enter_bailey_5,
          serial_shops, nicolae_square_shop, uniq_maurice, uniq_maggie
D:9:      layout_cave_pools, mainiacjoe_overflow_big_doors, lair_entry_dummy,
          chequers_serial_rivers_large_a, lightli_church_of_beogh
D:10:     layout_basic, erik_orc_2, uniq_psyche
Temple:   eino_temple_scatter_basement
Orc:1:    layout_caves, basic_altar, ebering_ghost_disaster_area, mines2_lemuel
Orc:2:    st_orc_open, layout_diamond_mine

Skill      XL: |  1  2  3  4  5  6  7  8  9 10 11 12 13 |
---------------+----------------------------------------+-----
Conjurations   | 2 3 4 5 6 7 9 10 | 10.5
Fighting       | 1 2 3 4 5 6 7 |  7.9
Armour         | 1 2 3 4 5 6 7 8 |  8.5
Fire Magic     | 4 5 6 7 8 9 11 12 | 12.8
Dodging        | 3 4 5 6 7 8 9 |  9.0
Spellcasting   | 3 4 5 6 7 |  7.4
Polearms       | 2 3 5 6 7 |  7.8
Stealth        | |  2.0

Action                   |  1- 3 |  4- 6 |  7- 9 | 10-12 | 13-15 || total
-------------------------+-------+-------+-------+-------+-------++-------
Melee: Unarmed           |    14 |       |       |       |       ||    14
       Kick              |     4 |     5 |     9 |    75 |    10 ||   103
       Dagger            |       |    34 |     1 |       |       ||    35
       Trident           |       |       |    78 |   366 |    31 ||   475
       Peck              |       |       |     8 |    56 |     8 ||    72
       Punch             |       |       |     2 |    10 |     1 ||    13
 Cast: Foxfire           |    84 |    46 |    50 |    65 |       ||   245
       Conjure Flame     |     1 |       |     7 |     7 |       ||    15
       Scorch            |       |    18 |    39 |    20 |       ||    77
       Inner Flame       |       |       |       |     2 |       ||     2
  Use: Scroll            |     2 |     7 |     8 |     6 |       ||    23
       Potion            |     1 |     1 |     1 |     1 |       ||     4
 Stab: Sleeping          |       |       |     3 |     2 |       ||     5
       Distracted        |       |       |     1 |     3 |     1 ||     5
Armor: Robe              |     6 |     6 |    16 |       |       ||    28
       Skin              |       |    33 |     2 |       |       ||    35
       Steam dragon scal |       |       |       |    57 |       ||    57
Dodge: Dodged            |    32 |    29 |    81 |   222 |    17 ||   381

Table legend: (Time is in decaauts)
 A = Elapsed time spent in this place.
 B = Non-inter-level travel time spent in this place.
 C = Inter-level travel time spent in this place.
 D = Time resting spent in this place.
 E = Time spent auto-exploring this place.
 F = Levels seen in this place.
 G = Mean time per level.
                   A        B        C        D        E       F      G
               +--------+--------+--------+--------+--------+-----+--------+
         Total |  14886 |  14479 |    407 |   1272 |  11014 |  14 | 1063.3 |
       Dungeon |  11727 |  11431 |    296 |    502 |   9311 |  10 | 1172.7 |
        Temple |    213 |    193 |     20 |      0 |    178 |   1 |  213.0 |
  Orcish Mines |   2002 |   1913 |     89 |    467 |   1062 |   2 | 1001.0 |
        Bailey |    942 |    942 |      0 |    303 |    463 |   1 |  942.0 |
               +--------+--------+--------+--------+--------+-----+--------+

Top non-repeatable levels by time:
     D:1: 1696 daAuts
     D:2: 1496 daAuts
     D:6: 1380 daAuts
     D:3: 1184 daAuts
    D:10: 1055 daAuts
     D:5: 1040 daAuts
     D:4: 1036 daAuts
     D:8: 1032 daAuts
     D:7: 1024 daAuts
   Orc:1: 1017 daAuts
   Orc:2: 985 daAuts
  Bailey: 942 daAuts
     D:9: 781 daAuts
  Temple: 213 daAuts
